 Dungeon Crawl Stone Soup version 0.30-a0-1123-gabc949cf19 (webtiles) character file.

Game seed: 911935861544269204

492 NagohShan the Covert (level 6, -2/47 HPs)
             Began as a Vampire Brigand on Apr 1, 2023.
             Slain by a gnoll
             ... wielding a +0 club
              (5 damage)
             ... on level 5 of the Dungeon on Apr 22, 2023.
             The game lasted 00:32:49 (4515 turns).

NagohShan the Covert (Vampire Brigand)              Turns: 4515, Time: 00:32:49

Health: -2/47      AC:  6    Str: 10    XL:     6   Next: 91%
Magic:  6/6        EV: 12    Int: 13    God:
Gold:   175        SH:  0    Dex: 18    Spells: 5/5 levels left

rFire   . . .        a - +2 dagger
rCold   . . .        (no shield)
rNeg    . . .        g - +0 leather armour
rPois   +            (no helmet)
rElec   .            c - +1 cloak
rCorr   .            i - +0 pair of gloves
SInv    +            (no boots)
Will    .....        (no amulet)
Stlth   ++++         k - ring of poison resistance
HPRegen 0.47/turn    (no ring)
MPRegen 0.10/turn

%: no passive effects
@: healing quickly
A: alive, fangs 3, see invisible, vampiric 2
a: Exsanguinate


You were on level 5 of the Dungeon.
You visited 1 branch of the dungeon, and saw 5 of its levels.

You collected 175 gold pieces.

Inventory:

Hand Weapons
 a - a +2 dagger (weapon)
Missiles
 d - 3 poisoned darts (quivered)
 e - 3 curare-tipped darts
Armour
 c - a +1 cloak (worn)
 f - a +0 buckler
 g - a +0 leather armour (worn)
 i - a +0 pair of gloves (worn)
Jewellery
 k - a ring of poison resistance (left hand)
Wands
 r - a wand of mindburst (9)
Scrolls
 b - a scroll of fear {unknown}
 h - 3 scrolls of enchant armour
 j - a scroll of amnesia {unknown}
 l - a scroll of brand weapon {unknown}
 n - a scroll of enchant weapon {unknown}
 s - a scroll of teleportation {unknown}
 u - a scroll of torment {unknown}
 v - a scroll of identify
Potions
 m - a potion of heal wounds
 o - a potion of flight
 q - a potion of magic
 t - a potion of degeneration {unknown}


   Skills:
 * Level 3.5 Fighting
 + Level 4.2 Short Blades
 + Level 1.9 Throwing
 + Level 2.0 Armour
 + Level 2.8 Dodging
 + Level 8.0 Stealth


You had 5 spell levels left.
You didn't know any spells.
Your spell library was empty.

Dungeon Overview and Level Annotations

Branches:
Dungeon (5/15)
 Temple: D:4-7

Altars:

Annotations:
D:5 Blork the orc


Innate Abilities, Weirdness & Mutations

Your natural rate of healing is accelerated.
You have razor-sharp teeth.
You have supernaturally acute eyesight. (SInv)
You are afflicted with vampirism and can become a bat while bloodless.


Message History

Blork the orc hits you with a +4 long sword of holy wrath.
You convulse.
You hit Blork the orc but do no damage. Your bite misses Blork the orc.
Blork the orc is moderately wounded.
You closely miss Blork the orc. You bite Blork the orc.
Blork the orc is heavily wounded.
The gnoll hits you with a +0 club.
The white imp hits you but does no damage.
Blork the orc casts a spell at you. The puff of flame hits you.
You closely miss Blork the orc. Your bite misses Blork the orc.
Blork the orc is heavily wounded.
The white imp misses you. The gnoll hits you with a +0 club.
Blork the orc casts a spell at you. The puff of frost hits you.
You hit Blork the orc.
Blork the orc is heavily wounded.
The white imp hits you. The white imp freezes you.
* * * LOW HITPOINT WARNING * * *
The gnoll completely misses you.
Blork the orc hits you with a +4 long sword of holy wrath.
* * * LOW HITPOINT WARNING * * *
You convulse.
* * * LOW HITPOINT WARNING * * *
Unknown command.
You hit Blork the orc.
You punch Blork the orc, but do no damage.
Blork the orc is heavily wounded.
The gnoll barely misses you.
The white imp shouts, "Run away, thou euchred undead bugbear!"
The white imp misses you. Blork the orc closely misses you.
Unknown command.
You hit Blork the orc but do no damage.
Blork the orc is heavily wounded.
You closely miss Blork the orc. You bite Blork the orc.
Blork the orc is severely wounded.
The white imp hits you but does no damage.
Blork the orc hits you but does no damage.
The gnoll hits you with a +0 club.
You die...

### ##.# # #
####.## #. ..
##..## #.
##... ...##
#.# #....#
#..#
#.#####...#
##.#
#..##.g..#
#.##
##..)@o.##
#..#
#.....5..((#
##.###
##.####...(..#
##...#####.##
###....
##......##.##
...
#...##.....#
..
...##...##.# .
..##...###..#
......## ##.#


You could see Blork the orc (poisoned), a gnoll and a white imp.

Vanquished Creatures
  An ogre (D:5)
  3 scorpions
  2 hounds (D:4)
  4 gnolls (D:4)
  5 adders
  An ufetubus (D:4)
  2 worms (D:2)
  A dart slug (D:2)
  8 ball pythons
  4 bats (D:1)
  5 endoplasms
  4 giant cockroaches
  12 hobgoblins
  6 jackals
  6 quokkas (D:1)
  4 frilled lizards
  2 goblins (D:3)
  7 kobolds
  10 rats
87 creatures vanquished.

Vanquished Creatures (others)
  A fungus (D:4)
  6 plants (D:1)
7 creatures vanquished.

Grand Total: 94 creatures vanquished

Notes
Turn   | Place    | Note
-------+----------+-------------------------------------------
     0 | D:1      | NagohShan the Vampire Brigand began the quest for the Orb.
     0 | D:1      | Reached XP level 1. HP: 16/16 MP: 1/1
    94 | D:1      | Reached skill level 6 in Stealth
   301 | D:1      | Reached XP level 2. HP: 22/22 MP: 2/2
   723 | D:1      | Gained mutation: You are afflicted with vampirism and can
                  | become a bat while bloodless. [Vampire growth]
   723 | D:1      | Reached XP level 3. HP: 27/27 MP: 3/3
   974 | D:1      | Upgraded the game from 0.30-a0-986-g7f2e898f52 to
                  | 0.30-a0-1123-gabc949cf19
  2169 | D:2      | Reached XP level 4. HP: 32/34 MP: 4/4
  3356 | D:4      | Reached skill level 7 in Stealth
  3522 | D:4      | Noticed a scorpion
  3531 | D:4      | Killed a scorpion
  3532 | D:4      | Reached skill level 1 in Armour
  3532 | D:4      | Reached XP level 5. HP: 39/40 MP: 5/5
  3725 | D:4      | Reached XP level 6. HP: 23/47 MP: 6/6
  4212 | D:5      | Entered Level 5 of the Dungeon
  4497 | D:5      | Noticed Blork the orc
  4498 | D:5      | Reached skill level 8 in Stealth
  4512 | D:5      | HP: 2/47 [Blork the orc/+4 long sword of holy wrath (5)]
  4515 | D:5      | Slain by a gnoll

Illustrated notes

Levels and vault maps discovered:
D:1:      lightli_arrival_flooded_house, layout_basic
D:2:      layout_rooms
D:3:      layout_basic
D:4:      layout_loops_ring, dreamdust_gnoll_farm
D:5:      layout_layer_cave, chequers_temple_overflow_statue_of_worship,
          nicolae_elevator_lobby_asterisk, uniq_blork_the_orc

Skill      XL: |  1  2  3  4  5  6 |
---------------+-------------------+-----
Stealth        | 6 7 8 |  8.0
Fighting       | 2 3 |  3.5
Short Blades   | 3 4 |  4.2
Armour         | 1 2 |  2.0
Dodging        | 2 |  2.8
Throwing       | |  1.9

Action                     |  1- 3 |  4- 6 || total
---------------------------+-------+-------++-------
  Melee: Dagger            |   151 |   181 ||   332
         Bite              |    16 |    26 ||    42
         Punch             |     1 |     4 ||     5
  Throw: Dart              |    18 |     8 ||    26
  Evoke: Wand              |       |     1 ||     1
    Use: Scroll            |       |     4 ||     4
         Potion            |       |     5 ||     5
   Stab: Sleeping          |    10 |     7 ||    17
 Armour: Robe              |     1 |       ||     1
         Leather armour    |    43 |    54 ||    97
  Dodge: Dodged            |    74 |   109 ||   183

Table legend: (Time is in decaauts)
 A = Elapsed time spent in this place.
 B = Non-inter-level travel time spent in this place.
 C = Inter-level travel time spent in this place.
 D = Time resting spent in this place.
 E = Time spent auto-exploring this place.
 F = Levels seen in this place.
 G = Mean time per level.
                   A        B        C        D        E       F      G
               +--------+--------+--------+--------+--------+-----+--------+
         Total |   4468 |   4468 |      0 |    496 |      1 |   5 |  893.6 |
       Dungeon |   4468 |   4468 |      0 |    496 |      1 |   5 |  893.6 |
               +--------+--------+--------+--------+--------+-----+--------+

Top non-repeatable levels by time:
     D:1: 1446 daAuts
     D:3: 943 daAuts
     D:2: 914 daAuts
     D:4: 872 daAuts
     D:5: 292 daAuts
